 Dungeon Crawl Stone Soup version 0.29.1-12-g30fa7ad0bf (webtiles) character file.

Game seed: 8132011485273471841

341 hawla the Chiller (level 7, -2/75 HPs)
             Began as a Meteoran Ice Elementalist on Dec 15, 2022.
             Slain by an ice beast (14 damage)
             ... on level 5 of the Dungeon.
             The game lasted 00:07:12 (1387 turns).

hawla the Chiller (Meteoran Ice Elementalist)       Turns: 1387, Time: 00:07:14

Health: -2/75      AC: 23    Str: 10    XL:     7   Next: 12%
Magic:  1/14       EV:  2    Int: 19    God:
Gold:   110        SH:  0    Dex: 14    Spells: 6/14 levels left

rFire   . . .      SeeInvis +   (no weapon)
rCold   . . .      Faith    .   (no shield)
rNeg    . . .      Spirit   .   (body armour currently unavailable)
rPois   +          Reflect  .   (helmet currently unavailable)
rElec   .          Harm     .   (cloak currently unavailable)
rCorr   .          Rampage  .   (gloves currently unavailable)
Will    .....      NoTele   +   (boots currently unavailable)
Stlth   +.........              (no amulet)
HPRegen 0.22/turn               (no ring)
MPRegen 0.14/turn               (no ring)

@: tree-form, glowing
A: stationary, stasis, torment immunity, boosted hp, sense surroundings 1,
otherworldly, glowing, explore regen, see invisible, MP-powered wands
a: no special abilities


You were on level 5 of the Dungeon.
You were a tree.
You visited 1 branch of the dungeon, and saw 5 of its levels.
You also visited: Sewer.

You collected 110 gold pieces.

Inventory:

Armour
 a - a +0 robe (melded)
 c - a +0 pair of gloves (melded)
 q - a +0 helmet (melded)
Jewellery
 g - a ring of resist corrosion
Wands
 f - a wand of light (6) (quivered)
 n - a wand of digging (7)
Scrolls
 i - a scroll of fear
Potions
 b - a potion of magic
 d - a potion of flight
 e - 2 potions of curing
 j - 4 potions of might
 l - a potion of brilliance {unknown}
 m - 2 potions of degeneration {unknown}
 o - 2 potions of ambrosia {unknown}


   Skills:
 - Level 0.2 Fighting
 - Level 3.0 Dodging
 - Level 1.4 Stealth
 - Level 4.0 Spellcasting
 + Level 4.8 Conjurations
 - Level 5.7 Ice Magic
 - Level 2.0 Evocations


You had 6 spell levels left.
You knew the following spells:

 Your Spells              Type           Power      Damage    Failure   Level
a - Freeze                Ice            100%       1d11      1%          1
b - Frozen Ramparts       Ice            50%        1d8       4%          3
c - Hailstorm             Conj/Ice       23%        3d7       16%         4

Your spell library contained the following spells:

 Spells                   Type           Power      Damage    Failure   Level
 Ozocubu's Armour         Ice            25%        N/A       4%          3
 Cause Fear               Hex            1%         N/A       80%         4
 Dragon Form              Tmut           1%         N/A       100%        7
 Dragon's Call            Summ           1%         N/A       100%        9


Dungeon Overview and Level Annotations

Branches:
Dungeon (5/15) Zot: 1827    Sewer (visited)
 Temple: D:4-7

Altars:


Innate Abilities, Weirdness & Mutations

You are a tree.
Your roots penetrate the ground, keeping you stationary.
You cannot be teleported.
You are immune to unholy pain and torment.
Your maximum health is greatly increased.
Your equipment is partially melded.
You passively map a small area around you.
You are easily found by Zot.
You glow in the dark.
You regain HP and MP as you explore.
You have supernaturally acute eyesight. (SInv)
You expend magic power (3 MP) to strengthen your wands.


Message History

The bolt of light hits the necrophage!
The necrophage is almost destroyed.
The frozen ramparts melt away.
An ice beast comes into view.
Your Conjurations skill gained 3 levels and is now at level 4!
Unknown command.
You catch the helpless necrophage completely off-guard!
You hit the necrophage.
The necrophage is almost destroyed.
The necrophage hits you but does no damage.
You catch the helpless necrophage completely off-guard!
You hit the necrophage but do no damage.
The necrophage is almost destroyed.
The necrophage hits you but does no damage.
You smack the necrophage!
You destroy the necrophage!
You have reached level 7!
You hit the ice beast but do no damage.
The ice beast hits you but does no damage.
You barely miss the ice beast.
You are no longer corroded.
The ice beast hits you but does no damage.
You hit the ice beast but do no damage. The ice beast completely misses you.
Your magical contamination has completely faded away.
You completely miss the ice beast. The ice beast hits you.
The ice beast freezes you!
* * * LOW HITPOINT WARNING * * *
You hit the ice beast.
The ice beast is lightly wounded.
The ice beast hits you but does no damage.
You hit the ice beast.
The ice beast is moderately wounded.
The ice beast hits you but does no damage.
You smack the ice beast!
The ice beast is severely wounded.
A worm comes into view.
The ice beast hits you.
* * * LOW HITPOINT WARNING * * *
The ice beast freezes you!
You die...

*
#.........#
#.........#
#.........#
*
#.........#
#######.####
#.>.....# *
#.#######
######.# *
#.♣....#
*#Y###### ,
* ... *
.w### #. **
* * .. , ,,
. ** * * * *
* , ,


You could see an ice beast and a worm (wandering).

Vanquished Creatures
  An acid dragon (D:5)
  A kobold brigand (Sewer)
  A necrophage (D:5)
  Natasha (D:2)
  2 adders
  3 worms
  4 bats
  4 endoplasms
  A giant cockroach (D:3)
  3 goblins
  6 hobgoblins
  A quokka (D:1)
  4 ball pythons
  18 kobolds
  A rat (Sewer)
51 creatures vanquished.

Vanquished Creatures (others)
  A fungus (Sewer)
  3 plants (Sewer)
4 creatures vanquished.

Grand Total: 55 creatures vanquished

Notes
Turn   | Place    | Note
-------+----------+-------------------------------------------
     0 | D:1      | hawla the Meteoran Ice Elementalist began the quest for the
                  | Orb.
     0 | D:1      | Reached XP level 1. HP: 14/14 MP: 5/5
    88 | D:1      | Reached XP level 2. HP: 13/20 MP: 2/6
   213 | D:2      | Noticed Natasha
   218 | D:2      | Killed Natasha
   219 | D:2      | Reached skill level 5 in Ice Magic
   219 | D:2      | Reached XP level 3. HP: 16/26 MP: 4/8
   350 | D:2      | Reached XP level 4. HP: 28/33 MP: 3/9
   354 | D:2      | Learned a level 3 spell: Frozen Ramparts
   392 | D:3      | Gained mutation: Your mind is acute. (Int +4, Str/Dex -1)
                  | [potion of mutation]
   392 | D:3      | Lost mutation: Your mind is acute. (Int +4, Str/Dex -1)
                  | [potion of mutation]
   392 | D:3      | Gained mutation: Your spells are a little harder to cast,
                  | but a little more powerful. [potion of mutation]
   393 | D:3      | Lost mutation: Your spells are a little harder to cast, but
                  | a little more powerful. [potion of mutation]
   393 | D:3      | Gained mutation: You expend magic power (3 MP) to
                  | strengthen your wands. [potion of mutation]
   393 | D:3      | Gained mutation: You have supernaturally acute eyesight.
                  | (SInv) [potion of mutation]
   580 | D:3      | Found a glowing drain.
   590 | D:3      | Reached skill level 1 in Evocations
   646 | Sewer    | Entered a sewer
   748 | Sewer    | Noticed a kobold brigand
   759 | Sewer    | Killed a kobold brigand
   760 | Sewer    | Reached XP level 5. HP: 10/38 MP: 4/11
   816 | Sewer    | Learned a level 4 spell: Hailstorm
  1016 | D:4      | Reached skill level 1 in Conjurations
  1018 | D:4      | Reached XP level 6. HP: 37/45 MP: 7/13
  1345 | D:5      | Entered Level 5 of the Dungeon
  1367 | D:5      | Noticed an acid dragon
  1377 | D:5      | Killed an acid dragon
  1377 | D:5      | Noticed an ice beast
  1381 | D:5      | Reached XP level 7. HP: 29/50 MP: 0/14
  1387 | D:5      | Slain by an ice beast

Illustrated notes

Levels and vault maps discovered:
D:1:      roderic_octagonal_star, layout_loops_cross,
          amcnicky_mini_rare_corridor_liquid, minivault_23
D:2:      layout_basic, shapermc_ecumenical_altar_venn, uniq_natasha
D:3:      layout_loops_ring, nicolae_dithmenos_shadow_blocks,
          nicolae_ru_the_path_less_chosen, cheibrodos_sewer_entry_sluice
D:4:      layout_cave_pools
D:5:      layout_rooms, nemelex_diamond_rough_becter

Skill      XL: |  1  2  3  4  5  6 |
---------------+-------------------+-----
Spellcasting   | 3 4 |  4.0
Ice Magic      | 5 |  5.7
Evocations     | 2 |  2.0
Dodging        | 3 |  3.0
Conjurations   | 1 4 |  4.8
Fighting       | |  0.2
Stealth        | |  1.4

Action                   |  1- 3 |  4- 6 |  7- 9 || total
-------------------------+-------+-------+-------++-------
Melee: Unarmed           |     5 |     9 |     7 ||    21
 Cast: Freeze            |    26 |    42 |       ||    68
       Frozen Ramparts   |       |     2 |       ||     2
Evoke: Wand              |     2 |     3 |       ||     5
  Use: Scroll            |       |    10 |       ||    10
       Potion            |       |     6 |       ||     6
 Stab: Invisible         |       |     2 |       ||     2
Armor: Robe              |     7 |    13 |       ||    20
       Skin              |       |    12 |     4 ||    16
Dodge: Dodged            |    14 |    25 |     1 ||    40
